 Dungeon Crawl Stone Soup version 0.30-a0-883-g5ad918d77d (webtiles) character file.

Game seed: 10429933173504243698

91 Newt the Shooter (level 4, -6/31 HPs)
             Began as a Kobold Hunter on Mar 15, 2023.
             Killed from afar by an orc wizard (8 damage)
             ... with a magic dart
             ... on level 3 of the Dungeon.
             The game lasted 00:01:46 (1792 turns).

Newt the Shooter (Kobold Hunter)                    Turns: 1792, Time: 00:01:47

Health: -6/31      AC:  5    Str:  8    XL:     4   Next: 88%
Magic:  4/4        EV: 14    Int: 10    God:
Gold:   141        SH:  0    Dex: 20    Spells: 3/3 levels left

rFire   . . .      SeeInvis .    a - +3 shortbow
rCold   . . .      Faith    .    (shield currently unavailable)
rNeg    . . .      Spirit   .    c - +0 leather armour
rPois   .          Reflect  .    g - +1 helmet
rElec   .          Rampage  .    (no cloak)
rCorr   .                        (no gloves)
Will    .....                    (no boots)
Stlth   ++                       (no amulet)
HPRegen 0.25/turn                (no ring)
MPRegen 0.09/turn                (no ring)

@: confused
A: small, no large weapons, nightstalker 3
a: no special abilities


You were on level 3 of the Dungeon.
You visited 1 branch of the dungeon, and saw 3 of its levels.

You collected 141 gold pieces.

Inventory:

Hand Weapons
 a - a +3 shortbow (weapon)
Missiles
 j - a throwing net
Armour
 c - a +0 leather armour (worn)
 g - a +1 helmet (worn)
Scrolls
 b - 3 scrolls of immolation
 e - a scroll of fear
Potions
 d - a potion of resistance
 f - a potion of brilliance
 h - a potion of attraction
 i - a potion of heal wounds
 k - a potion of magic
 n - a potion of curing {unknown}
 p - a potion of lignification {unknown}


   Skills:
 - Level 5.0 Fighting
 + Level 5.5 Ranged Weapons
 - Level 2.4 Dodging
 - Level 1.3 Stealth


You had 3 spell levels left.
You didn't know any spells.
Your spell library contained the following spells:

 Spells                   Type           Power      Damage    Failure   Level
 Sublimation of Blood     Necr           0%         N/A       63%         2
 Wereblood                Tmut           0%         N/A       63%         2
 Summon Hydra             Summ           0%         N/A       100%        7


Dungeon Overview and Level Annotations

Branches:
Dungeon (3/15)

Altars:
Cheibriados


Innate Abilities, Weirdness & Mutations

You are small and have problems with some larger weapons.
You are completely attuned to the shadows.


Message History

You shoot an arrow. The arrow hits the orc wizard.
The orc wizard is moderately wounded.
The white imp gestures at you. The puff of frost hits you!
You are too injured to fight recklessly!
You are too injured to fight recklessly!
You are too injured to fight recklessly!
You are too injured to fight recklessly!
Unknown command.
Fire: a) +3 shortbow
Press: ? - help, Shift-Dir - straight line, f/p - orc wizard
Aim: an orc wizard, wielding a +0 dagger and wearing a +0 robe (moderately wounded, 63% to hit)
You shoot an arrow.
The arrow closely misses the orc wizard.
An orc comes into view. It is wielding a +0 club.
The orc wizard casts a spell at you. You resist with some effort.
Fire: a) +3 shortbow
Press: ? - help, Shift-Dir - straight line, f/p - orc wizard
Aim: an orc wizard, wielding a +0 dagger and wearing a +0 robe (moderately wounded, 63% to hit)
You shoot an arrow. The arrow barely misses the orc wizard.
The arrow hits the orc!
You kill the orc!
A gnoll comes into view. It is wielding a +0 club.
The orc wizard casts a spell at you.
You are confused.
Unknown command.
You shoot an arrow. The arrow barely misses the white imp.
You hear a shout!
The white imp closely misses you.
You hear a shout!
You shoot an arrow.
The orc wizard hits you but does no damage.
The white imp gestures at you. The puff of frost hits you!
* * * LOW HITPOINT WARNING * * *
The white imp barely misses you. The orc wizard casts a spell at you.
The magic dart hits you!
You die...

.....#####
.......g.g.
......####g
...##<####J .)#.##
.....Kr.Jgg
....###.#.##J######
#............rr.g..
#go5# #.#.....####g
#.@.###.##########.
##..#..............
#..#.#.###########
##.#.#.# #...#.#
#...#.# #.....
#..>### #####


You could see an orc wizard, a gnoll and a white imp.

Vanquished Creatures
  3 gnolls (D:2)
  An adder (D:2)
  3 worms (D:2)
  An orc (D:3)
  4 ball pythons
  2 bats (D:1)
  6 endoplasms
  4 goblins
  4 hobgoblins
  2 quokkas
  2 frilled lizards (D:1)
  6 kobolds
  4 rats
42 creatures vanquished.

Notes
Turn   | Place    | Note
-------+----------+-------------------------------------------
     0 | D:1      | Newt the Kobold Hunter began the quest for the Orb.
     0 | D:1      | Reached XP level 1. HP: 12/12 MP: 1/1
   102 | D:1      | Reached XP level 2. HP: 18/18 MP: 2/2
   185 | D:1      | Found a faded altar of an unknown god.
   383 | D:1      | Reached XP level 3. HP: 23/23 MP: 3/3
   889 | D:2      | Reached XP level 4. HP: 17/30 MP: 4/4
   951 | D:2      | Found a snail-covered altar of Cheibriados.
  1062 | D:2      | Reached skill level 5 in Fighting
  1792 | D:3      | Killed from afar by an orc wizard

Illustrated notes

Levels and vault maps discovered:
D:1:      dpeg_arrival_rooms_with_view, layout_basic,
          ebering_ecumenical_altar_abandoned, chequers_serial_rivers_room_a
D:2:      cheibrodos_old_hovel, layout_rooms, basic_altar
D:3:      layout_basic, portal_sewer_entry_a, uniq_ijyb, uniq_sigmund

Skill      XL: |  1  2  3  4 |
---------------+-------------+-----
Fighting       | 3 4 5 |  5.0
Ranged Weapons | |  5.5
Dodging        | |  2.4
Stealth        | |  1.3

Action                     |  1- 3 |  4- 6 || total
---------------------------+-------+-------++-------
   Fire: Shortbow          |    89 |    30 ||   119
    Use: Scroll            |     5 |     6 ||    11
         Potion            |     1 |     1 ||     2
 Armour: Leather armour    |     8 |     2 ||    10
  Dodge: Dodged            |    38 |    15 ||    53

Table legend: (Time is in decaauts)
 A = Elapsed time spent in this place.
 B = Non-inter-level travel time spent in this place.
 C = Inter-level travel time spent in this place.
 D = Time resting spent in this place.
 E = Time spent auto-exploring this place.
 F = Levels seen in this place.
 G = Mean time per level.
                   A        B        C        D        E       F      G
               +--------+--------+--------+--------+--------+-----+--------+
         Total |   1825 |   1775 |     50 |    399 |   1116 |   3 |  608.3 |
       Dungeon |   1825 |   1775 |     50 |    399 |   1116 |   3 |  608.3 |
               +--------+--------+--------+--------+--------+-----+--------+

Top non-repeatable levels by time:
     D:2: 1132 daAuts
     D:1: 634 daAuts
     D:3: 58 daAuts
